[Event "12th KIIT International 2019"]
[Site "Odisha"]
[Date "2019.06.02"]
[Round "4.12"]
[White "Konguvel, Ponnuswamy"]
[Black "Malakhatko, Vadim"]
[Result "1/2-1/2"]
[ECO "C10"]
[WhiteElo "2293"]
[BlackElo "2505"]
[Annotator "ChessBase"]
[PlyCount "69"]
[EventDate "2019.01.18"]
[EventType "swiss"]
[EventCountry "IND"]
[SourceTitle "playchess.com"]
[Source "ChessBase"]
[SourceQuality "1"]
[TimeControl "5400+30"]

1. e4 e6 2. d4 d5 3. Nc3 h6 4. Bd3 Nc6 5. Nf3 Nb4 6. Bb5+ c6 7. Be2 Nf6 8. e5 Ne4 9. a3 Nxc3 10. bxc3 Na6 11. O-O Nc7 12. a4 b6 13. Nd2 Ba6 14. c4 Bb4 15. cxd5 Bxe2 16. Qxe2 cxd5 17. Qd3 O-O 18. Ba3 Bxa3 19. Rxa3 Rc8 20. a5 b5 21. a6 Qe7 22. Rfa1 Rb8 23. Nb3 f6 24. exf6 Qxf6 25. Qe3 Qf4 26. Nc5 Qxe3 27. Rxe3 Rf4 28. c3 Rb6 29. g3 Rf7 30. f4 b4 31. cxb4 Rxb4 32. Rd1 Rb6 33. Ra1 Rb4 34. Rd1 Rb6 35. Ra1 1/2-1/2

[Event "12th KIIT International 2019"]
[Site "Odisha"]
[Date "2019.06.02"]
[Round "4.13"]
[White "Neverov, Valeriy"]
[Black "Raahul V S"]
[Result "1-0"]
[ECO "D30"]
[WhiteElo "2495"]
[BlackElo "2292"]
[Annotator "ChessBase"]
[PlyCount "103"]
[EventDate "2019.01.18"]
[EventType "swiss"]
[EventCountry "IND"]
[SourceTitle "playchess.com"]
[Source "ChessBase"]
[SourceQuality "1"]
[TimeControl "5400+30"]

1. d4 d5 2. c4 c6 3. Nf3 Nf6 4. e3 e6 5. Nbd2 Nbd7 6. Bd3 Bd6 7. b3 e5 8. cxd5 cxd5 9. dxe5 Nxe5 10. Bb5+ Bd7 11. Bxd7+ Qxd7 12. O-O Nd3 13. Qe2 Nxc1 14. Raxc1 O-O 15. Nb1 Rac8 16. Qb2 Rxc1 17. Rxc1 Rc8 18. Nc3 Bb4 19. Ne2 Ne4 20. Ne5 Qf5 21. Rxc8+ Qxc8 22. Nd3 Be7 23. f3 Bf6 24. Qc1 Qxc1+ 25. Ndxc1 Nc5 26. Nf4 d4 27. e4 Bg5 28. Ncd3 Bxf4 29. Nxc5 b6 30. Nd3 Bc7 31. Kf2 Kf8 32. h3 Ke7 33. Ke2 Bd6 34. Ne1 Ke6 35. Nc2 Ke5 36. Kd3 Bc5 37. b4 Kf4 38. bxc5 bxc5 39. Ke2 Kg3 40. Kf1 f6 41. Na3 a6 42. Nc4 g6 43. a4 h5 44. a5 g5 45. e5 fxe5 46. Nxe5 Kf4 47. Nd3+ Ke3 48. Nxc5 d3 49. Ke1 d2+ 50. Kd1 Kf2 51. Nxa6 Kxg2 52. Nc5 1-0

[Event "12th KIIT International 2019"]
[Site "Odisha"]
[Date "2019.06.02"]
[Round "4.14"]
[White "Patil, Pratik"]
[Black "Rahman, Ziaur"]
[Result "1/2-1/2"]
[ECO "B08"]
[WhiteElo "2184"]
[BlackElo "2481"]
[Annotator "ChessBase"]
[PlyCount "62"]
[EventDate "2019.01.18"]
[EventType "swiss"]
[EventCountry "IND"]
[SourceTitle "playchess.com"]
[Source "ChessBase"]
[SourceQuality "1"]
[TimeControl "5400+30"]

1. e4 g6 2. d4 Bg7 3. Nc3 d6 4. Nf3 Nf6 5. h3 O-O 6. Be3 a6 7. a4 b6 8. Bd3 Bb7 9. O-O Nbd7 10. Re1 e5 11. Qd2 exd4 12. Nxd4 Nc5 13. Bh6 Re8 14. Bxg7 Kxg7 15. f3 d5 16. exd5 Rxe1+ 17. Rxe1 Nxd5 18. Bc4 Nxc3 19. Qxc3 Kg8 20. Re5 Qf6 21. Qe3 Rd8 22. c3 Rf8 23. Re7 Bc8 24. Rxf7 Rxf7 25. Qe8+ Kg7 26. Bxf7 Qxf7 27. Qxc8 Qf4 28. Ne6+ Nxe6 29. Qxe6 Qc1+ 30. Kh2 Qf4+ 31. Kg1 Qc1+ 1/2-1/2

[Event "12th KIIT International 2019"]
[Site "Odisha"]
[Date "2019.06.02"]
[Round "4.15"]
[White "Arpita, Mukherjee"]
[Black "Nguyen, Van Huy"]
[Result "1/2-1/2"]
[ECO "B12"]
[WhiteElo "2196"]
[BlackElo "2456"]
[Annotator "ChessBase"]
[PlyCount "117"]
[EventDate "2019.01.18"]
[EventType "swiss"]
[EventCountry "IND"]
[SourceTitle "playchess.com"]
[Source "ChessBase"]
[SourceQuality "1"]
[TimeControl "5400+30"]

1. e4 c6 2. d4 d5 3. e5 Bf5 4. Nf3 e6 5. Be2 Bb4+ 6. Nbd2 Nd7 7. O-O Ba5 8. Nb3 Bc7 9. c3 h6 10. Ne1 Ne7 11. f4 Bb6 12. a4 a6 13. a5 Ba7 14. Be3 O-O 15. Bd3 f6 16. Bf2 fxe5 17. dxe5 Bxf2+ 18. Rxf2 c5 19. Bc2 b5 20. g4 Bxc2 21. Qxc2 Qe8 22. Ng2 Nc6 23. Nh4 c4 24. Nd4 Nc5 25. Ng6 Rf7 26. Nxc6 Qxc6 27. Raf1 Re8 28. Rg2 Nd3 29. g5 Qc5+ 30. Kh1 Qe3 31. gxh6 gxh6 32. Qd1 Kh7 33. Qh5 Rg8 34. Re2 Nf2+ 35. Rexf2 Rxg6 36. Qf3 Qxf3+ 37. Rxf3 Rf5 38. Rg3 Rg7 39. Rxg7+ Kxg7 40. Kg2 Rf8 41. Kf3 b4 42. Rg1+ Kf7 43. f5 exf5 44. Kf4 b3 45. h4 d4 46. cxd4 Rd8 47. Kxf5 Rxd4 48. e6+ Kf8 49. h5 Rd2 50. Rg4 Rxb2 51. Rxc4 Rf2+ 52. Kg6 Ke7 53. Rb4 b2 54. Rb6 Rf6+ 55. Kg7 Rf5 56. Rxb2 Rxh5 57. Rb7+ Kxe6 58. Rb6+ Kd7 59. Rxa6 1/2-1/2

[Event "12th KIIT International 2019"]
[Site "Odisha"]
[Date "2019.06.02"]
[Round "4.16"]
[White "Senthil Maran K"]
[Black "Muthaiah AL"]
[Result "0-1"]
[ECO "A48"]
[WhiteElo "2187"]
[BlackElo "2427"]
[Annotator "ChessBase"]
[PlyCount "138"]
[EventDate "2019.01.18"]
[EventType "swiss"]
[EventCountry "IND"]
[SourceTitle "playchess.com"]
[Source "ChessBase"]
[SourceQuality "1"]
[TimeControl "5400+30"]

1. Nf3 Nf6 2. d4 c5 3. e3 cxd4 4. exd4 g6 5. c3 Bg7 6. Bf4 O-O 7. Bd3 d6 8. O-O Nc6 9. Re1 Nh5 10. Bg5 h6 11. Bh4 Nf4 12. Bc4 d5 13. Bf1 g5 14. Bg3 Ng6 15. Na3 f5 16. Be5 Ngxe5 17. Nxe5 Nxe5 18. dxe5 a6 19. Qd4 e6 20. c4 dxc4 21. Qxc4 b5 22. Qc6 Bd7 23. Qd6 Rf7 24. Rac1 Qb8 25. Qd4 Qa7 26. Qd2 Rc8 27. Rxc8+ Bxc8 28. Nc2 Rd7 29. Qe2 Rd5 30. Qh5 Qf7 31. Qh3 Qc7 32. Ne3 Rd2 33. Nd1 Qc5 34. Qh5 Bd7 35. h3 Qd4 36. Qf3 Bxe5 37. Ne3 Qf4 38. Qxf4 Bxf4 39. Nd1 Kg7 40. g3 Bd6 41. Ne3 Bc5 42. Re2 Rxe2 43. Bxe2 Bc6 44. Bd3 Kf6 45. Kf1 Ke5 46. Ke2 Bxe3 47. Kxe3 f4+ 48. gxf4+ gxf4+ 49. Kd2 Kd4 50. Be2 a5 51. a3 b4 52. axb4 axb4 53. Bg4 e5 54. h4 e4 55. Bf5 Bb5 56. Bg6 Bd7 57. Bh7 Bg4 58. Bg8 Bf3 59. Bf7 e3+ 60. Ke1 Kd3 61. Bg6+ Be4 62. h5 Kd4 63. Bf7 Bf3 64. Be8 Ke5 65. fxe3 fxe3 66. Kf1 Kf4 67. Bf7 Kg5 68. Kg1 Bxh5 69. Bc4 Bf3 0-1

[Event "12th KIIT International 2019"]
[Site "Odisha"]
[Date "2019.06.02"]
[Round "4.17"]
[White "Manik, Mikulas"]
[Black "Srihari L R"]
[Result "1-0"]
[ECO "B06"]
[WhiteElo "2399"]
[BlackElo "2214"]
[Annotator "ChessBase"]
[PlyCount "93"]
[EventDate "2019.01.18"]
[EventType "swiss"]
[EventCountry "IND"]
[SourceTitle "playchess.com"]
[Source "ChessBase"]
[SourceQuality "1"]
[TimeControl "5400+30"]

1. e4 g6 2. d4 Bg7 3. Nc3 d6 4. Be3 a6 5. f4 e6 6. Nf3 Ne7 7. Bd3 Nd7 8. e5 b6 9. Ne4 d5 10. Nf2 h5 11. Qe2 Bb7 12. g3 c5 13. c3 Qc7 14. h3 c4 15. Bc2 Nf5 16. Rg1 Nxe3 17. Qxe3 b5 18. g4 O-O-O 19. Ng5 Nf8 20. b4 hxg4 21. hxg4 Kb8 22. a4 Nh7 23. axb5 axb5 24. Nf3 Nf8 25. Ke2 Nd7 26. Ng5 Nb6 27. Ra5 Qd7 28. f5 gxf5 29. gxf5 Bh6 30. Rh1 Bxg5 31. Qxg5 Rxh1 32. Nxh1 Rh8 33. Nf2 Bc6 34. Qg7 Rc8 35. f6 Qc7 36. Ng4 Be8 37. Nh6 Qd7 38. Kd2 Rc7 39. Bh7 Kb7 40. Bg8 Nc8 41. Ke3 Nb6 42. Kd2 Nc8 43. Qf8 Kb8 44. Ra1 Na7 45. Bxf7 Rc8 46. Bxe8 Rxe8 47. Qg7 1-0

[Event "12th KIIT International 2019"]
[Site "Odisha"]
[Date "2019.06.02"]
[Round "4.18"]
[White "Hegde, Ravi Gopal"]
[Black "Gusain, Himal"]
[Result "1/2-1/2"]
[ECO "A81"]
[WhiteElo "2096"]
[BlackElo "2404"]
[Annotator "ChessBase"]
[PlyCount "82"]
[EventDate "2019.01.18"]
[EventType "swiss"]
[EventCountry "IND"]
[SourceTitle "playchess.com"]
[Source "ChessBase"]
[SourceQuality "1"]
[TimeControl "5400+30"]

1. Nf3 f5 2. g3 Nf6 3. Bg2 d6 4. d4 g6 5. O-O Bg7 6. b3 O-O 7. Bb2 Ne4 8. Nbd2 d5 9. c4 Be6 10. cxd5 Bxd5 11. e3 Nc6 12. Nxe4 Bxe4 13. Qe2 e6 14. Rfd1 Qe7 15. Ne1 Bxg2 16. Kxg2 e5 17. dxe5 Nxe5 18. Rac1 c6 19. Rc2 Rad8 20. Rcd2 Nf7 21. Bxg7 Kxg7 22. Nf3 c5 23. Qc4 b6 24. h4 h6 25. Kf1 Qf6 26. Rd7 a5 27. R1d5 Rfe8 28. a4 Rxd7 29. Rxd7 Re7 30. Rd5 Nd6 31. Qd3 Ne4 32. Nd2 Qb2 33. Nxe4 fxe4 34. Qd1 Rf7 35. Rd2 Qf6 36. Kg1 h5 37. Qc2 Qf5 38. Qc3+ Kh7 39. Qc4 Kg7 40. Qc3+ Kh7 41. Qc4 Kg7 1/2-1/2

[Event "12th KIIT International 2019"]
[Site "Odisha"]
[Date "2019.06.02"]
[Round "4.19"]
[White "Rakesh, Kumar Nayak"]
[Black "Manush Shah"]
[Result "0-1"]
[ECO "B13"]
[WhiteElo "2026"]
[BlackElo "2385"]
[Annotator "ChessBase"]
[PlyCount "98"]
[EventDate "2019.01.18"]
[EventType "swiss"]
[EventCountry "IND"]
[SourceTitle "playchess.com"]
[Source "ChessBase"]
[SourceQuality "1"]
[TimeControl "5400+30"]

1. e4 c6 2. d4 d5 3. exd5 cxd5 4. Bd3 Nc6 5. c3 Qc7 6. h3 Nf6 7. Nf3 g6 8. Bg5 Bg7 9. O-O h6 10. Bxf6 Bxf6 11. Re1 g5 12. Ne5 Nxe5 13. dxe5 Bxe5 14. Bb5+ Kf8 15. Qxd5 Bf6 16. Bc4 e6 17. Qf3 Kg7 18. Nd2 Bd7 19. Bd3 Bc6 20. Be4 Rad8 21. Bxc6 Rxd2 22. Bxb7 Rb8 23. Qe3 Rxb2 24. Be4 Qxc3 25. Rab1 Qc4 26. Rbc1 Qa4 27. Rcd1 R8b4 28. Bb1 Bd4 29. Qd3 Bxf2+ 30. Kh1 Rxb1 31. Rxb1 Bxe1 32. Rxe1 Rd4 33. Qe3 Rd1 34. Qe5+ Kh7 35. Rxd1 Qxd1+ 36. Kh2 Qa4 37. Qb2 a5 38. Kh1 Qe4 39. Qf2 Qf4 40. Qc2+ Qf5 41. Qc4 h5 42. a4 g4 43. hxg4 hxg4 44. Qc7 Kg6 45. Kh2 f6 46. Kg3 e5 47. Qc6 Qf4+ 48. Kh4 g3+ 49. Kh3 Kg5 0-1

[Event "12th KIIT International 2019"]
[Site "Odisha"]
[Date "2019.06.03"]
[Round "5.3"]
[White "Turov, Maxim"]
[Black "Ajay Krishna, S."]
[Result "*"]
[ECO "A57"]
[WhiteElo "2579"]
[BlackElo "2335"]
[Annotator "RC"]
[PlyCount "105"]
[EventDate "2019.05.31"]
[EventType "swiss"]
[EventCountry "IND"]
[SourceTitle "playchess.com"]
[Source "ChessBase"]
[SourceQuality "1"]
[TimeControl "5400+30"]

1. d4 Nf6 2. c4 c5 3. d5 b5 4. cxb5 a6 5. e3 e6 6. Nc3 exd5 7. Nxd5 Bb7 8. Nxf6+ Qxf6 9. Nf3 Be7 10. Bc4 axb5 11. Bxb5 O-O 12. O-O d5 13. Qc2 Na6 14. Bd2 h6 15. Rfe1 Qb6 16. a4 Bf6 17. Rac1 Rfc8 18. b3 Nb4 19. Bxb4 cxb4 20. Qd3 Bc3 21. Re2 d4 22. exd4 Bxd4 23. Rxc8+ Rxc8 24. Bc4 Bxf3 25. Qxf3 Bf6 26. Qd5 Qc7 27. g3 g6 28. Qd2 h5 29. Qh6 Bg7 30. Qg5 Qd6 31. Qe7 Qd1+ 32. Re1 Qf3 33. Re3 Qd1+ 34. Kg2 Rxc4 35. bxc4 b3 36. Re1 Qd2 37. Qe3 Qb4 38. Rb1 b2 39. Qe8+ Kh7 40. Qxf7 Qb3 41. a5 Qc2 42. Rxb2 Qxb2 43. a6 Qb8 44. a7 Qa8+ 45. f3 Qd8 46. Qb7 Qd2+ 47. Kh3 Qe2 48. a8=Q Qf1+ 49. Kh4 Qxc4+ 50. g4 Kh6 51. Qaa6 Bf6+ 52. Qxf6 Qxg4+ 53. fxg4 *

[Event "12th KIIT International 2019"]
[Site "Odisha"]
[Date "2019.06.03"]
[Round "5.5"]
[White "Manush Shah"]
[Black "Neverov, Valeriy"]
[Result "0-1"]
[ECO "D00"]
[WhiteElo "2385"]
[BlackElo "2495"]
[Annotator "ChessBase"]
[PlyCount "102"]
[EventDate "2019.05.31"]
[EventType "swiss"]
[EventCountry "IND"]
[SourceTitle "playchess.com"]
[Source "ChessBase"]
[SourceQuality "1"]
[TimeControl "5400+30"]

1. d4 Nf6 2. Nf3 g6 3. Nc3 d5 4. Bf4 c6 5. e3 Bg7 6. Be2 Bg4 7. h4 Qa5 8. Ne5 Bxe2 9. Qxe2 Ne4 10. f3 Nxc3 11. Qd2 f6 12. Nd3 Nd7 13. Qxc3 Qxc3+ 14. bxc3 e5 15. Bg3 Kf7 16. Rb1 b6 17. h5 Rhe8 18. hxg6+ hxg6 19. Kd2 b5 20. f4 exd4 21. cxd4 Nb6 22. Nb2 f5 23. Bf2 a5 24. c3 Nc4+ 25. Nxc4 dxc4 26. Kc2 Rh8 27. Rxh8 Rxh8 28. d5 cxd5 29. Rxb5 Rh2 30. Rxd5 Rxg2 31. Rd2 a4 32. Bh4 Rg4 33. Bd8 Ke6 34. Bb6 Bf8 35. Rd4 Rg2+ 36. Rd2 Rg1 37. Rd1 Rg3 38. Rd2 a3 39. Bd4 Be7 40. Bb6 g5 41. fxg5 Bxg5 42. Bc5 Bxe3 43. Re2 f4 44. Bxa3 Kd5 45. Bc1 Bxc1 46. Kxc1 f3 47. Rf2 Ke4 48. a4 Rg1+ 49. Kd2 Rg2 50. Ke1 Ke3 51. Rf1 Ra2 0-1

[Event "12th KIIT International 2019"]
[Site "Odisha"]
[Date "2019.06.03"]
[Round "5.7"]
[White "Sahoo, Utkal Ranjan"]
[Black "Shyaamnikhil P"]
[Result "0-1"]
[ECO "A45"]
[WhiteElo "2371"]
[BlackElo "2434"]
[Annotator "ChessBase"]
[PlyCount "114"]
[EventDate "2019.05.31"]
[EventType "swiss"]
[EventCountry "IND"]
[SourceTitle "playchess.com"]
[Source "ChessBase"]
[SourceQuality "1"]
[TimeControl "5400+30"]

1. d4 Nf6 2. Bg5 c5 3. d5 Ne4 4. Bf4 Qb6 5. Nd2 Nxd2 6. Bxd2 e5 7. dxe6 dxe6 8. Bc3 Nc6 9. Nf3 Bd7 10. e3 O-O-O 11. a4 Qc7 12. a5 Be7 13. a6 b6 14. Bb5 Bf6 15. Qe2 Bxc3+ 16. bxc3 Ne7 17. c4 Bc6 18. O-O f6 19. Ra3 Rd6 20. e4 Ng6 21. e5 Bxf3 22. Rxf3 Nxe5 23. Re3 g5 24. f4 gxf4 25. Rxf4 Qd8 26. h3 Rd1+ 27. Kh2 Rd2 28. Qf1 Rg8 29. Re2 Rxe2 30. Qxe2 Qc7 31. Qe4 f5 32. Qa8+ Qb8 33. Qxb8+ Kxb8 34. g4 fxg4 35. hxg4 Kc7 36. Kh3 Kd6 37. Re4 Rf8 38. Re2 Rf4 39. g5 Rd4 40. Re1 Nf3 41. Rf1 Nxg5+ 42. Kg3 Ke7 43. Rh1 Ne4+ 44. Kf3 Nf6 45. Ke3 h5 46. c3 Rg4 47. Kd3 h4 48. Bc6 Rg3+ 49. Ke2 Rg4 50. Bf3 Rxc4 51. Kd3 Rf4 52. Ke3 Ra4 53. Be2 Nd5+ 54. Kf3 Nxc3 55. Bd3 Nd5 56. Bb5 Rf4+ 57. Kg2 c4 0-1

[Event "12th KIIT International 2019"]
[Site "Odisha"]
[Date "2019.06.03"]
[Round "5.12"]
[White "Debashis, Das"]
[Black "Panda Sambit"]
[Result "1-0"]
[ECO "D36"]
[WhiteElo "2544"]
[BlackElo "2211"]
[Annotator "ChessBase"]
[PlyCount "75"]
[EventDate "2019.05.31"]
[EventType "swiss"]
[EventCountry "IND"]
[SourceTitle "playchess.com"]
[Source "ChessBase"]
[SourceQuality "1"]
[TimeControl "5400+30"]

1. c4 e6 2. Nc3 d5 3. d4 Nf6 4. cxd5 exd5 5. Bg5 c6 6. Qc2 Be7 7. e3 Nbd7 8. Bd3 O-O 9. Nge2 Re8 10. O-O Nf8 11. f3 g6 12. Bh4 Ne6 13. Kh1 b5 14. Bf2 Bb7 15. e4 b4 16. Na4 Rc8 17. e5 Nd7 18. f4 c5 19. Qd2 Nxd4 20. Nxd4 cxd4 21. Bxd4 Qa5 22. f5 Nxe5 23. Bxe5 Bf8 24. Qf4 Rxe5 25. Qxe5 Qxa4 26. fxg6 fxg6 27. Qe6+ Kh8 28. Qxc8 Bxc8 29. Rxf8+ Kg7 30. Rxc8 a5 31. b3 Qd7 32. Rc2 Qg4 33. Rd2 h5 34. Rad1 h4 35. Be2 Qf4 36. h3 Qf8 37. Bf3 Kh6 38. Rd3 1-0

[Event "12th KIIT International 2019"]
[Site "Odisha"]
[Date "2019.06.03"]
[Round "5.13"]
[White "Malakhatko, Vadim"]
[Black "Suvrajit, Saha"]
[Result "0-1"]
[ECO "E16"]
[WhiteElo "2505"]
[BlackElo "2208"]
[Annotator "ChessBase"]
[PlyCount "93"]
[EventDate "2019.05.31"]
[EventType "swiss"]
[EventCountry "IND"]
[SourceTitle "playchess.com"]
[Source "ChessBase"]
[SourceQuality "1"]
[TimeControl "5400+30"]

1. c4 Nf6 2. Nf3 e6 3. g3 b6 4. Bg2 Bb7 5. d4 Bb4+ 6. Bd2 Qe7 7. O-O Bxd2 8. Qxd2 O-O 9. Nc3 d6 10. d5 e5 11. b4 a5 12. a3 Nbd7 13. Nb5 Qd8 14. Nh4 Re8 15. e4 Nf8 16. Rfc1 Ba6 17. Nf5 h6 18. Ne3 Bxb5 19. cxb5 Qd7 20. Qe2 Ra7 21. Qc4 axb4 22. axb4 Rxa1 23. Rxa1 Rb8 24. Ra7 Ne8 25. Bf3 Qd8 26. Qc6 Nh7 27. h4 g6 28. h5 Ng5 29. Bg2 gxh5 30. Nf5 Qf6 31. f4 exf4 32. gxf4 Nh7 33. Qc1 Nf8 34. Qe3 Kh8 35. Qd4 Ng6 36. Qxf6+ Nxf6 37. Rxc7 Ra8 38. Nxh6 Ng4 39. Nxg4 hxg4 40. Rxf7 g3 41. Bh3 Nh4 42. Kf1 Ra2 43. Ke1 Rh2 44. Bf1 Nf3+ 45. Kd1 Rh1 46. Ke2 Nd4+ 47. Kd3 0-1

[Event "12th KIIT International 2019"]
[Site "Odisha"]
[Date "2019.06.03"]
[Round "5.14"]
[White "Rahman, Ziaur"]
[Black "Hari Madhavan N B"]
[Result "1/2-1/2"]
[ECO "B40"]
[WhiteElo "2481"]
[BlackElo "2093"]
[Annotator "ChessBase"]
[PlyCount "114"]
[EventDate "2019.05.31"]
[EventType "swiss"]
[EventCountry "IND"]
[SourceTitle "playchess.com"]
[Source "ChessBase"]
[SourceQuality "1"]
[TimeControl "5400+30"]

1. e4 e6 2. d4 d5 3. Nd2 c5 4. Ngf3 cxd4 5. Nxd4 Nc6 6. Nxc6 bxc6 7. Bd3 Nf6 8. O-O Bd6 9. Qe2 Qc7 10. h3 O-O 11. c4 Bb7 12. b3 e5 13. Bb2 d4 14. Nf3 c5 15. Bc1 Qc6 16. Re1 Rfe8 17. Bg5 Bc7 18. a3 Ba5 19. b4 cxb4 20. Bd2 Qc5 21. axb4 Bxb4 22. Bxb4 Qxb4 23. Rab1 Qe7 24. Nxe5 Rad8 25. Ng4 Nxg4 26. Qxg4 Bc8 27. Qh5 Be6 28. Rec1 Qa3 29. Qd1 Rc8 30. Qd2 Rc7 31. Ra1 Qd6 32. Ra5 Rec8 33. e5 Qe7 34. Bf1 Bxc4 35. Qxd4 Bxf1 36. Rxf1 Rd7 37. Qe3 h6 38. Rfa1 Rcc7 39. g3 Qb4 40. e6 fxe6 41. Qxe6+ Kh7 42. Ra6 Qf8 43. Qe4+ Kg8 44. Re6 Re7 45. Rb1 Rxe6 46. Qxe6+ Qf7 47. Rb8+ Kh7 48. Qe4+ g6 49. h4 Re7 50. Qb1 h5 51. Qa1 Qg7 52. Qb1 Qe5 53. Qb3 Qg7 54. Kg2 Qf7 55. Qc3 Qg7 56. Qc4 Qf7 57. Qd4 Qg7 1/2-1/2

[Event "12th KIIT International 2019"]
[Site "Odisha"]
[Date "2019.06.03"]
[Round "5.15"]
[White "Nguyen, Van Huy"]
[Black "Joshi, Govind Ballabh"]
[Result "1-0"]
[ECO "E04"]
[WhiteElo "2456"]
[BlackElo "2121"]
[Annotator "ChessBase"]
[PlyCount "89"]
[EventDate "2019.05.31"]
[EventType "swiss"]
[EventCountry "IND"]
[SourceTitle "playchess.com"]
[Source "ChessBase"]
[SourceQuality "1"]
[TimeControl "5400+30"]

1. d4 d5 2. Nf3 Nf6 3. c4 e6 4. g3 dxc4 5. Bg2 a6 6. Ne5 Bb4+ 7. Nc3 Nd5 8. Bd2 Nb6 9. e3 N8d7 10. Nxd7 Qxd7 11. Ne4 Qe7 12. O-O O-O 13. Qc2 Bxd2 14. Nxd2 e5 15. Nxc4 Nxc4 16. Qxc4 c6 17. d5 cxd5 18. Qxd5 Rd8 19. Qa5 Bg4 20. Rac1 Rd7 21. Rc5 f6 22. Rfc1 Rad8 23. h3 Be6 24. a3 Rd1+ 25. Kh2 Rxc1 26. Rxc1 Rd7 27. Qb6 f5 28. Rc5 e4 29. Re5 Rd6 30. Qc5 g6 31. Bf1 Kf7 32. Bc4 Rc6 33. Bxe6+ Rxe6 34. Qd5 b6 35. Rxe6 Qxe6 36. Qb7+ Kg8 37. Qxa6 Qb3 38. Qc8+ Kf7 39. Qd7+ Kf6 40. Qxh7 Qc2 41. Qh8+ Kf7 42. Kg2 Qd1 43. Qd4 Qe2 44. a4 g5 45. b4 1-0

[Event "12th KIIT International 2019"]
[Site "Odisha"]
[Date "2019.06.03"]
[Round "5.16"]
[White "Swain Ashirwad"]
[Black "Kostenko, Petr"]
[Result "0-1"]
[ECO "C07"]
[WhiteElo "2118"]
[BlackElo "2473"]
[Annotator "ChessBase"]
[PlyCount "64"]
[EventDate "2019.05.31"]
[EventType "swiss"]
[EventCountry "IND"]
[SourceTitle "playchess.com"]
[Source "ChessBase"]
[SourceQuality "1"]
[TimeControl "5400+30"]

1. e4 e6 2. d4 d5 3. Nd2 c5 4. exd5 Qxd5 5. Ngf3 cxd4 6. Bc4 Qd7 7. O-O Nc6 8. Nb3 Nf6 9. Nbxd4 Nxd4 10. Nxd4 a6 11. c3 Bd6 12. Qe2 Qc7 13. h3 O-O 14. Bb3 b5 15. Bg5 Bb7 16. Bxf6 gxf6 17. a4 bxa4 18. Rxa4 Kh8 19. Rc4 Rg8 20. Nf3 Qb6 21. Bc2 f5 22. Qe3 Qxe3 23. fxe3 Rg3 24. e4 Rag8 25. Ne1 Rxh3 26. exf5 Bd5 27. Rc8 Rxc8 28. gxh3 Bc5+ 29. Kh2 Rg8 30. Nf3 Bd6+ 31. Kh1 Rg3 32. Bd1 e5 0-1

[Event "12th KIIT International 2019"]
[Site "Odisha"]
[Date "2019.06.03"]
[Round "5.17"]
[White "Lugovskoy, Maxim"]
[Black "Arpita, Mukherjee"]
[Result "1/2-1/2"]
[ECO "B51"]
[WhiteElo "2451"]
[BlackElo "2196"]
[Annotator "ChessBase"]
[PlyCount "253"]
[EventDate "2019.05.31"]
[EventType "swiss"]
[EventCountry "IND"]
[SourceTitle "playchess.com"]
[Source "ChessBase"]
[SourceQuality "1"]
[TimeControl "5400+30"]

1. e4 c5 2. Nf3 d6 3. Bb5+ Nd7 4. d4 cxd4 5. Qxd4 a6 6. Bxd7+ Bxd7 7. c4 Rc8 8. Nc3 Qc7 9. Nd2 e6 10. a4 b6 11. O-O Nf6 12. b3 Be7 13. Ba3 O-O 14. Rac1 Rfd8 15. Rfd1 Qb8 16. Qd3 Bc6 17. Qe2 Bf8 18. Nf3 Qa8 19. Re1 Nd7 20. Nd4 Bb7 21. f4 e5 22. Nf5 Nc5 23. Bxc5 Rxc5 24. Qg4 Kh8 25. Nd5 Bxd5 26. exd5 g6 27. Nh4 Bh6 28. g3 Qc8 29. Qf3 exf4 30. gxf4 Re8 31. Ng2 b5 32. Rxe8+ Qxe8 33. Re1 Qd7 34. cxb5 axb5 35. b4 Rc4 36. a5 Bg7 37. Kh1 Bc3 38. Rf1 Bxb4 39. a6 Bc5 40. Qe2 Qf5 41. a7 Bxa7 42. Qe7 h5 43. Qxa7 Qxd5 44. Qf2 b4 45. f5 Qxf5 46. Qxf5 gxf5 47. Ne3 Rc5 48. Kg2 b3 49. Rb1 f4 50. Nd1 Rc2+ 51. Kg1 Rd2 52. Nc3 f3 53. Rxb3 Rg2+ 54. Kh1 Rc2 55. Kg1 Rg2+ 56. Kf1 Rxh2 57. Ne4 Kg7 58. Nxd6 Rd2 59. Ne4 Rd4 60. Ng5 Kg6 61. Nxf3 Ra4 62. Kg2 f6 63. Kh3 Rc4 64. Nh4+ Kg5 65. Rb5+ Kh6 66. Nf5+ Kg6 67. Ne7+ Kf7 68. Nd5 Rd4 69. Kg3 Rg4+ 70. Kf3 Rg5 71. Rb7+ Ke6 72. Nf4+ Kd6 73. Ke4 Re5+ 74. Kd4 Kc6 75. Rh7 Ra5 76. Rh6 Ra4+ 77. Ke3 Ra3+ 78. Nd3 Kd5 79. Rxh5+ f5 80. Rxf5+ Ke6 81. Rb5 Ra1 82. Ke4 Kd6 83. Rb6+ Kc7 84. Rh6 Ra5 85. Kd4 Rg5 86. Nb4 Rg1 87. Nd5+ Kd7 88. Nc3 Rg5 89. Ke4 Rg1 90. Nb5 Rg4+ 91. Kd5 Rg5+ 92. Kc4 Rg1 93. Rh7+ Ke6 94. Nd4+ Kf6 95. Ra7 Rg5 96. Ra6+ Ke7 97. Nc6+ Kf7 98. Kd4 Rb5 99. Ke4 Rb1 100. Ne5+ Ke7 101. Nf3 Rb5 102. Nd4 Rh5 103. Nf5+ Kd7 104. Rf6 Rh1 105. Kd5 Rd1+ 106. Nd4 Ke7 107. Rf3 Rd2 108. Ke5 Rg2 109. Ra3 Rg5+ 110. Nf5+ Kd7 111. Ra7+ Kc6 112. Rf7 Rg1 113. Nd4+ Kb6 114. Kd5 Rg5+ 115. Kd6 Rg6+ 116. Ne6 Rg1 117. Rf4 Rd1+ 118. Nd4 Rg1 119. Rf2 Rb1 120. Rf8 Kb7 121. Rh8 Rd1 122. Kd5 Rg1 123. Rh5 Rg7 124. Nf5 Rg1 125. Nd6+ Kb6 126. Nc4+ Kb5 127. Ne5 1/2-1/2

[Event "12th KIIT International 2019"]
[Site "Odisha"]
[Date "2019.06.03"]
[Round "5.18"]
[White "Kumar, Gaurav"]
[Black "Das, Sayantan"]
[Result "1-0"]
[ECO "B08"]
[WhiteElo "2082"]
[BlackElo "2419"]
[Annotator "ChessBase"]
[PlyCount "121"]
[EventDate "2019.05.31"]
[EventType "swiss"]
[EventCountry "IND"]
[SourceTitle "playchess.com"]
[Source "ChessBase"]
[SourceQuality "1"]
[TimeControl "5400+30"]

1. e4 d6 2. d4 g6 3. Nf3 Nf6 4. Nc3 Bg7 5. Bc4 O-O 6. Qe2 c6 7. h3 b5 8. Bd3 Nfd7 9. O-O Bb7 10. a4 b4 11. Nb1 e5 12. dxe5 dxe5 13. Bg5 f6 14. Be3 c5 15. a5 a6 16. Nbd2 Nc6 17. Nc4 Qe7 18. c3 Kh8 19. Bc2 Rad8 20. Rfd1 Ndb8 21. Nb6 Rxd1+ 22. Bxd1 Rd8 23. Bb3 Qd6 24. Qc4 bxc3 25. bxc3 Nxa5 26. Rxa5 Qxb6 27. Rxc5 Bc6 28. Rxe5 Qb7 29. Rc5 Bb5 30. Qe6 Re8 31. Qf7 Qxe4 32. Rc7 Nd7 33. Rxd7 Bxd7 34. Qxd7 Rb8 35. Bd5 Qe8 36. Qxe8+ Rxe8 37. c4 a5 38. c5 f5 39. c6 a4 40. Ng5 h6 41. Nf7+ Kh7 42. Nd6 Re7 43. Nb5 Be5 44. Bb6 h5 45. c7 Re8 46. Na7 Bxc7 47. Bxc7 a3 48. Nb5 Re1+ 49. Kh2 Rc1 50. Bd6 Rd1 51. Bc4 a2 52. Bxa2 Rd2 53. Be6 Rb2 54. Nd4 Rxf2 55. Nf3 Re2 56. Be5 Kh6 57. h4 Re4 58. Bf7 Ra4 59. g3 Ra7 60. Bf4+ Kg7 61. Ne5 1-0

[Event "12th KIIT International 2019"]
[Site "Odisha"]
[Date "2019.06.04"]
[Round "6.14"]
[White "Rathneesh R"]
[Black "Saurabh Anand"]
[Result "*"]
[ECO "B48"]
[WhiteElo "2160"]
[BlackElo "2351"]
[Annotator "RC"]
[PlyCount "36"]
[EventDate "2019.05.31"]
[EventType "swiss"]
[EventCountry "IND"]
[SourceTitle "playchess.com"]
[Source "ChessBase"]
[SourceQuality "1"]
[TimeControl "5400+30"]

1. e4 c5 2. Nf3 e6 3. d4 cxd4 4. Nxd4 Nc6 5. Nc3 Qc7 6. Be3 Nf6 7. Qd2 a6 8. O-O-O b5 9. Bf4 e5 10. Nxc6 exf4 11. e5 dxc6 12. exf6 Be6 13. Ne4 Bd5 14. c4 Be6 15. Qc3 g6 16. cxb5 f3 17. Qc4 c5 18. Qxc5 Qc6 *